 Dungeon Crawl Stone Soup version 0.31-a0-1074-g0b22e4e0f1 (webtiles) character file.

Game seed: 14103373332416318151

26670 hikkokomori the Skirmisher (level 13, -6/98 HPs)
             Began as a Gnoll Venom Mage on Nov 30, 2023.
             Was an Initiate of Gozag.
             Mangled by a white draconian
             ... wielding a +2 halberd of freezing
              (25 damage)
             ... in an ice cave.
             The game lasted 00:44:36 (15338 turns).

hikkokomori the Skirmisher (Gnoll Venom Mage)      Turns: 15338, Time: 00:44:36

Health: -6/98      AC: 10    Str: 13    XL:     13   Next: 27%
Magic:  2/26       EV: 14    Int: 24    God:    Gozag
Gold:   775        SH: 10    Dex: 12    Spells: 17/31 levels left

rFire   + . .        v - +1 dagger (drain)
rCold   . . .        e - +0 kite shield
rNeg    . . .        a - +0 robe
rPois   +            h - +1 helmet
rElec   .            U - +2 cloak {Stlth+}
rCorr   .            (no gloves)
SInv    .            G - +1 pair of boots
Will    +....        J - amulet of regeneration
Stlth   +++++        N - ring "Ystikhloss" {rPois rF+ Will+ Str+3 Int+6}
HPRegen 1.16/turn    y - +4 ring of slaying
MPRegen 0.20/turn

%: no passive effects
@: gold aura, studying Ranged Weapons, invisible
A: fangs 1, strong nose, distributed training
a: Renounce Religion, Potion Petition, Call Merchant, Bribe Branch


You were in an ice cave.
You worshipped Gozag.
Gozag was pleased with you.
You visited 3 branches of the dungeon, and saw 13 of its levels.
You also visited: Ice Cave.

You collected 2875 gold pieces.
You spent 1298 gold pieces at shops.
You paid 802 gold pieces to Gozag.

Inventory:

Hand Weapons
 t - a +1 morningstar of protection
 v - a +1 dagger of draining (weapon)
 O - a +4 trident
 P - a +2 flail of holy wrath
Missiles
 i - 11 boomerangs
 w - 18 poisoned darts
 x - 2 throwing nets
 Q - a curare-tipped dart
Armour
 a - a +0 robe (worn)
 e - a +0 kite shield (worn)
 h - a +1 helmet (worn)
 G - a +1 pair of boots (worn)
 U - a +2 cloak of stealth (worn)
Jewellery
 n - a ring of magical power
 y - a +4 ring of slaying (right hand)
 I - a ring of resist corrosion
 J - an amulet of regeneration (around neck)
 N - the ring "Ystikhloss" (left hand) {rPois rF+ Will+ Str+3 Int+6}
   (You bought it in a shop on level 5 of the Dungeon)

   [ring of protection from fire]

   Str+3:     It affects your strength (+3).
   Int+6:     It affects your intelligence (+6).
   rF+:       It protects you from fire.
   rPois:     It protects you from poison Will+: It increases your willpower.
Wands
 d - a wand of mindburst (2)
 p - a wand of flame (20)
 u - a wand of roots (7)
 F - a wand of digging (6)
 R - a wand of polymorph (12)
Scrolls
 g - 6 scrolls of teleportation
 k - 4 scrolls of vulnerability
 m - 2 scrolls of silence
 o - 2 scrolls of fog
 s - 5 scrolls of revelation
 A - a scroll of identify
 B - 2 scrolls of immolation
 E - a scroll of blinking
 L - a scroll of amnesia
 T - a scroll of torment
Potions
 b - a potion of magic
 c - 5 potions of might
 f - 2 potions of mutation
 j - 2 potions of enlightenment
 l - 3 potions of curing
 r - a potion of lignification
 z - 2 potions of invisibility
 D - a potion of ambrosia
 H - 2 potions of attraction
 K - a potion of berserk rage


   Skills:
 + Level 8.3 Fighting
 + Level 8.3 Short Blades
 + Level 8.3 Long Blades
 + Level 8.3 Axes
 + Level 8.3 Maces & Flails
 + Level 8.3 Polearms
 + Level 8.3 Staves
 + Level 11.1 Ranged Weapons
 + Level 8.3 Throwing
 + Level 8.3 Armour
 + Level 9.5 Dodging
 + Level 9.3 Stealth
 + Level 8.3 Shields
 + Level 8.3 Unarmed Combat
 + Level 9.7 Spellcasting
 + Level 6.9 Conjurations
 + Level 6.9 Hexes
 + Level 6.9 Summonings
 + Level 6.9 Necromancy
 + Level 6.9 Translocations
 + Level 7.2 Transmutations
 + Level 6.9 Fire Magic
 + Level 6.9 Ice Magic
 + Level 6.9 Air Magic
 + Level 6.9 Earth Magic
 + Level 8.9 Poison Magic
 + Level 9.1 Invocations
 + Level 8.3 Evocations
 + Level 7.5 Shapeshifting


You had 17 spell levels left.
You knew the following spells:

 Your Spells              Type           Power      Damage    Failure   Level
a - Sting                 Tmut/Pois      100%       1d8       1%          1
b - Ignite Poison         Fire/Tmut/Pois 48%        N/A       1%          3
c - Mephitic Cloud        Conj/Pois/Air  48%        N/A       1%          3
d - Olgreb's Toxic Radia  Pois           53%        N/A       3%          4
e - Confusing Touch       Hex            44%        N/A       2%          3

Your spell library contained the following spells:

 Spells                   Type           Power      Damage    Failure   Level
 Apportation              Tloc           88%        N/A       1%          1
 Foxfire                  Conj/Fire      100%       2x1d9     1%          1
 Kiss of Death            Conj/Necr      100%       2d13      1%          1
 Cigotuvi's Dreadful Rot  Necr/Pois/Air  96%        N/A       1%          2
 Jinxbite                 Hex            88%        N/A       1%          2
 Poisonous Vapours        Pois/Air       98%        N/A       1%          2
 Searing Ray              Conj           88%        2d7       1%          2
 Brom's Barrelling Bould  Conj/Erth      44%        2d6       9%          4
 Dispel Undead            Necr           44%        3d17      9%          4
 Summon Ice Beast         Ice/Summ       44%        N/A       9%          4
 Alistair's Intoxication  Tmut/Pois      33%        N/A       14%         5
 Fireball                 Conj/Fire      22%        3d10      24%         5
 Freezing Cloud           Conj/Ice/Air   22%        6-21      24%         5
 Summon Mana Viper        Hex/Summ       44%        N/A       24%         5
 Plasma Beam              Fire/Air       22%        2x1d34    78%         6
 Starburst                Conj/Fire      22%        6d7       78%         6
 Monstrous Menagerie      Summ           22%        N/A       100%        7
 Chain Lightning          Conj/Air       22%        3d29      100%        9
 Fire Storm               Conj/Fire      22%        8d6       100%        9
 Shatter                  Erth           22%        3d19*     100%        9


Dungeon Overview and Level Annotations

Branches:
Dungeon (10/15)            Temple (0/1) D:6            Lair (2/5) D:8
  Swamp (1/4) Lair:2       Spider (0/4) Lair:2        IceCv (1/1)
    Orc: D:9-12

Altars:
Cheibriados
Dithmenos
Elyvilon
Gozag
Hepliaklqana
Makhleb
Nemelex Xobeh
Okawaru
Qazlal
Vehumet
Xom
Yredelemnul

Shops:
D:1 *   D:5 =   D:8 !   Swamp:1 *

Annotations:
D:2 Robin


Innate Abilities, Weirdness & Mutations

You have very sharp teeth.
Your uncanny sense of smell can sniff out nearby items.
Your experience applies equally to all skills.


Message History

Unknown command.
You hit the golden dragon simulacrum but do no damage.
Your weapon exudes an aura of protection.
The golden dragon simulacrum is heavily damaged.
The golden dragon simulacrum is engulfed in blazing flames.
The golden dragon simulacrum completely misses you.
The golden dragon simulacrum claws you.
The golden dragon simulacrum freezes you!!!
Ouch! That really hurt!
* * * LOW HITPOINT WARNING * * *
The golden dragon simulacrum tramples you but does no damage.
Unknown command.
You hit the golden dragon simulacrum but do no damage.
The golden dragon simulacrum is almost destroyed.
The golden dragon simulacrum is engulfed in blazing flames.
The golden dragon simulacrum vaporises!
Unknown command.
Unknown command.
You start resting.
A white draconian comes into view.
It is wielding a +2 halberd of freezing.
You fade into invisibility!
Your +1 morningstar of protection goes still.
You sense an unholy aura.
v - a +1 dagger of draining (weapon)
The white draconian roars!
There is an ice covered gate leading back out of this place here.
The white draconian breathes frost at something.
You see here 7 gold pieces.
You closely miss the white draconian.
The white draconian hits you with a +2 halberd of freezing!
* * * LOW HITPOINT WARNING * * *
The white draconian freezes you.
* * * LOW HITPOINT WARNING * * *
Unknown command.
Unknown command.
You hit the white draconian.
The white draconian is lightly wounded.
The white draconian hits you with a +2 halberd of freezing!!
You die...
Your body crumbles into a pile of gold.

## #### ..#
##..######.#
##....##.$..#
#.$...$....##
#.∩.∩@$$...$#
#.....d.##....#
##....### #..##
##..## ### ####


You could see a white draconian (unable to see you).

Vanquished Creatures
  A hydra (Lair:2)
  A two-headed ogre (D:10)
  2 boulder beetles (Lair:2)
  A goliath frog (Lair:2)
  A skyshark (Lair:2)
  A swamp dragon (Swamp:1)
  A cyclops (D:8)
  Maurice (D:8)
  2 black mambas
  9 cane toads
  A kobold demonologist (D:5)
  A storm dragon simulacrum (IceCv)
  10 komodo dragons
  2 golden dragon simulacra (IceCv)
  A polar bear (Lair:1)
  2 hornets
  4 blink frogs (Lair:2)
  A dream sheep (Lair:2)
  Sigmund (D:3)
  2 spriggans
  A shadow (D:9)
  4 wyverns
  34 yaks
  2 steam dragons (D:8)
  6 basilisks
  An acid dragon (D:10)
  7 water moccasins
  4 black bears
  An ice dragon simulacrum (IceCv)
  A sky beast (D:7)
  An orc warrior (D:10)
  A swamp drake (Lair:2)
  An ogre (D:5)
  5 wolves
  6 centaurs
  A phantom (D:5)
  A kobold brigand (D:8)
  7 bullfrogs
  Blork the orc (D:5)
  2 gnoll sergeants (D:9)
  A necrophage (D:5)
  10 scorpions
  10 wights
  A lindwurm simulacrum (IceCv)
  3 howler monkeys
  A jelly (D:6)
  A gnoll bouda (D:7)
  2 sleepcaps
  A hound (D:5)
  Natasha (twice) (D:2)
  8 iguanas
  Ijyb (D:3)
  4 orc wizards
  A hound skeleton (D:5)
  A mummy (D:4)
  18 gnolls
  2 adders
  4 white imps
  3 worms
  4 dart slugs
  20 orcs
  8 bats
  10 endoplasms
  3 giant cockroaches
  15 goblins
  5 hobgoblins
  4 jackals (D:4)
  A quokka (D:1)
  6 ball pythons
  3 frilled lizards
  15 kobolds
  6 rats
  A butterfly (Lair:1)
307 creatures vanquished.

Vanquished Creatures (collateral kills)
  A white draconian (IceCv)
1 creature vanquished.

Vanquished Creatures (others)
  A storm dragon simulacrum (IceCv)
1 creature vanquished.

Grand Total: 309 creatures vanquished

Notes
Turn   | Place    | Note
-------+----------+-------------------------------------------
     0 | D:1      | hikkokomori the Gnoll Venom Mage began the quest for the
                  | Orb.
     0 | D:1      | Reached XP level 1. HP: 13/13 MP: 6/6
    68 | D:1      | Reached XP level 2. HP: 19/19 MP: 1/7
   676 | D:1      | Found Goreh's Assorted Antiques.
   898 | D:1      | Reached XP level 3. HP: 25/25 MP: 9/9
   993 | D:2      | Found a faded altar of an unknown god.
  1002 | D:2      | Reached skill level 5 in Spellcasting
  1231 | D:2      | Reached skill level 1 in Invocations
  1257 | D:2      | Noticed Robin
  1269 | D:2      | HP: 1/25 [goblin/+0 dagger[Robin] (5)]
  1329 | D:1      | Learned a level 3 spell: Ignite Poison
  1333 | D:1      | Learned a level 3 spell: Mephitic Cloud
  1491 | D:2      | Reached skill level 1 in Fighting
  1491 | D:2      | Reached skill level 1 in Short Blades
  1491 | D:2      | Reached skill level 1 in Long Blades
  1491 | D:2      | Reached skill level 1 in Axes
  1491 | D:2      | Reached skill level 1 in Maces & Flails
  1491 | D:2      | Reached skill level 1 in Polearms
  1491 | D:2      | Reached skill level 1 in Staves
  1491 | D:2      | Reached skill level 1 in Ranged Weapons
  1491 | D:2      | Reached skill level 1 in Throwing
  1491 | D:2      | Reached skill level 1 in Armour
  1491 | D:2      | Reached skill level 1 in Shields
  1491 | D:2      | Reached skill level 1 in Unarmed Combat
  1491 | D:2      | Reached skill level 1 in Evocations
  2007 | D:2      | Noticed Natasha
  2016 | D:2      | Killed Natasha
  2017 | D:2      | Reached skill level 1 in Shapeshifting
  2017 | D:2      | Reached XP level 4. HP: 25/32 MP: 6/11
  2145 | D:2      | Noticed Natasha
  2157 | D:2      | Killed Natasha
  2158 | D:2      | Reached skill level 1 in Conjurations
  2158 | D:2      | Reached skill level 1 in Hexes
  2158 | D:2      | Reached skill level 1 in Summonings
  2158 | D:2      | Reached skill level 1 in Necromancy
  2158 | D:2      | Reached skill level 1 in Translocations
  2158 | D:2      | Reached skill level 1 in Fire Magic
  2158 | D:2      | Reached skill level 1 in Ice Magic
  2158 | D:2      | Reached skill level 1 in Air Magic
  2158 | D:2      | Reached skill level 1 in Earth Magic
  2394 | D:3      | Reached XP level 5. HP: 37/37 MP: 9/12
  2723 | D:3      | Noticed Sigmund
  2735 | D:3      | Killed Sigmund
  2736 | D:3      | Reached skill level 2 in Ranged Weapons
  2736 | D:3      | Reached skill level 5 in Dodging
  2736 | D:3      | Reached XP level 6. HP: 39/44 MP: 7/14
  2736 | D:3      | Noticed Ijyb
  2754 | D:3      | Killed Ijyb
  2885 | D:3      | Learned a level 4 spell: Olgreb's Toxic Radiance
  3319 | D:4      | Found an opulent altar of Gozag.
  3348 | D:4      | Became a worshipper of Gozag Ym Sagoz the Greedy
  3820 | D:4      | Found a snail-covered altar of Cheibriados.
  4515 | D:5      | Entered Level 5 of the Dungeon
  4533 | D:5      | Reached XP level 7. HP: 6/51 MP: 3/15
  4893 | D:5      | Found an iron altar of Okawaru.
  5026 | D:5      | Got Jiseav's Compendium of Violence
  5033 | D:5      | Learned a level 3 spell: Confusing Touch
  5147 | D:5      | Reached skill level 5 in Stealth
  5293 | D:5      | Found a burning altar of Makhleb.
  5598 | D:5      | Noticed Blork the orc
  5605 | D:5      | Killed Blork the orc
  5606 | D:5      | Reached skill level 3 in Ranged Weapons
  5606 | D:5      | Reached XP level 8. HP: 38/58 MP: 8/16
  5789 | D:5      | Noticed a kobold demonologist
  5792 | D:5      | HP: 2/58 [white imp (4)]
  5796 | D:5      | Killed a kobold demonologist
  6019 | D:5      | Found Keanaanu's Jewellery Boutique.
  6101 | D:6      | Found a staircase to the Ecumenical Temple.
  6133 | D:6      | Found a radiant altar of Vehumet.
  6576 | D:6      | Found a white marble altar of Elyvilon.
  6579 | D:6      | Found a stormy altar of Qazlal.
  6582 | D:6      | Found a hazy altar of Hepliaklqana.
  6593 | D:6      | Found a basalt altar of Yredelemnul.
  6710 | D:6      | You fall into a shaft and drop 2 floors!
  6716 | D:8      | Reached skill level 4 in Ranged Weapons
  6716 | D:8      | Reached XP level 9. HP: 42/65 MP: 10/18
  7241 | D:7      | Reached skill level 5 in Ranged Weapons
  7754 | D:7      | Found a sparkling altar of Nemelex Xobeh.
  7857 | D:7      | Reached skill level 5 in Invocations
  7992 | D:8      | Found Toipits's Distillery.
  8006 | D:8      | Bought a potion of heal wounds for 75 gold pieces
  8006 | D:8      | Bought a potion of curing for 45 gold pieces
  8006 | D:8      | Bought a potion of ambrosia for 120 gold pieces
  8006 | D:8      | Bought a potion of berserk rage for 75 gold pieces
  8178 | D:8      | Noticed Maurice
  8187 | D:8      | Killed Maurice
  8358 | D:8      | Noticed a cyclops
  8365 | D:8      | Killed a cyclops
  8366 | D:8      | Reached skill level 5 in Fighting
  8366 | D:8      | Reached skill level 5 in Short Blades
  8366 | D:8      | Reached skill level 5 in Long Blades
  8366 | D:8      | Reached skill level 5 in Axes
  8366 | D:8      | Reached skill level 5 in Maces & Flails
  8366 | D:8      | Reached skill level 5 in Polearms
  8366 | D:8      | Reached skill level 5 in Staves
  8366 | D:8      | Reached skill level 6 in Ranged Weapons
  8366 | D:8      | Reached skill level 5 in Throwing
  8366 | D:8      | Reached skill level 5 in Armour
  8366 | D:8      | Reached skill level 5 in Shields
  8366 | D:8      | Reached skill level 5 in Unarmed Combat
  8366 | D:8      | Reached skill level 5 in Evocations
  8366 | D:8      | Reached XP level 10. HP: 24/74 MP: 8/20
  8708 | D:8      | Reached skill level 5 in Transmutations
  8981 | D:8      | Found a staircase to the Lair.
  9257 | D:9      | Reached skill level 7 in Ranged Weapons
  9257 | D:9      | Reached skill level 5 in Shapeshifting
  9332 | D:9      | Found a shadowy altar of Dithmenos.
  9586 | Lair:1   | Entered Level 1 of the Lair of Beasts
  9612 | Lair:1   | Noticed a cane toad
  9692 | Lair:1   | Noticed a black mamba
  9695 | Lair:1   | Killed a cane toad
  9699 | Lair:1   | Killed a black mamba
  9700 | Lair:1   | Noticed a cane toad
 10146 | D:9      | Reached XP level 11. HP: 36/79 MP: 10/22
 10431 | D:9      | Reached skill level 5 in Conjurations
 10431 | D:9      | Reached skill level 5 in Hexes
 10431 | D:9      | Reached skill level 5 in Summonings
 10431 | D:9      | Reached skill level 5 in Necromancy
 10431 | D:9      | Reached skill level 5 in Translocations
 10431 | D:9      | Reached skill level 5 in Fire Magic
 10431 | D:9      | Reached skill level 5 in Ice Magic
 10431 | D:9      | Reached skill level 5 in Air Magic
 10431 | D:9      | Reached skill level 5 in Earth Magic
 10636 | D:9      | Reached skill level 8 in Ranged Weapons
 11199 | D:10     | Entered Level 10 of the Dungeon
 11511 | D:10     | Found a shimmering altar of Xom.
 11919 | D:10     | Noticed a two-headed ogre
 11924 | D:10     | Killed a two-headed ogre
 12257 | D:5      | Bought the ring "Ystikhloss" {rPois rF+ Will+ Str+3 Int+6}
                  | for 728 gold pieces
 12851 | Lair:1   | Reached skill level 9 in Ranged Weapons
 12895 | Lair:1   | You fall into a shaft and drop 1 floor!
 12895 | Lair:2   | Noticed a boulder beetle
 12903 | Lair:2   | Killed a boulder beetle
 12912 | Lair:2   | Reached XP level 12. HP: 79/89 MP: 18/24
 12990 | Lair:2   | Noticed a boulder beetle
 12995 | Lair:2   | Killed a boulder beetle
 13059 | Lair:2   | Found a hole to the Spider Nest.
 13147 | Lair:1   | Reached skill level 10 in Ranged Weapons
 14047 | Lair:2   | Noticed a six-headed hydra
 14060 | Lair:2   | Killed a six-headed hydra
 14229 | Lair:2   | Noticed a skyshark
 14233 | Lair:2   | Killed a skyshark
 14250 | Lair:2   | Reached XP level 13. HP: 49/98 MP: 0/26
 15045 | Lair:2   | Found a staircase to the Swamp.
 15162 | Swamp:1  | Entered Level 1 of the Swamp
 15178 | Swamp:1  | Reached skill level 11 in Ranged Weapons
 15197 | Swamp:1  | Found a frozen archway.
 15240 | Swamp:1  | Bought a scroll labelled VOMOIXUPEO for 30 gold pieces
 15240 | Swamp:1  | Bought a glowing cloak for 225 gold pieces
 15260 | IceCv    | Entered an ice cave
 15268 | IceCv    | Noticed a white draconian
 15291 | IceCv    | Killed a white draconian
 15330 | IceCv    | Noticed a white draconian
 15338 | IceCv    | Mangled by a white draconian

Illustrated notes

Levels and vault maps discovered:
D:1:      eino_arrival_druids_welcome, layout_basic, serial_shops, shop,
          minmay_circled_x
D:2:      layout_loops_corners, basic_ecumenical_altar, uniq_robin, uniq_natasha
D:3:      layout_rooms, nicolae_houndstooth_variations, uniq_ijyb, uniq_sigmund
D:4:      minmay_general_purpose_star, layout_basic, grunt_gozag_breadcrumbs,
          slow_altar_2
D:5:      layout_loops_cross, mainiacjoe_overflow_cross_hatched,
          makhleb_blood_cavern_becter, serial_shops,
          nicolae_shop_tiny_waterfront, serial_library_hellmonk_hallway_a,
          minmay_manual_macuahuitl, uniq_blork_the_orc
D:6:      layout_rooms, mainiacjoe_overflow_tiny_flanked,
          grunt_temple_overflow_cloverleaf,
          minmay_temple_entry_statues_fountains, serial_curves, eino_curves_04,
          eino_curves_04
D:7:      layout_basic, lemuel_crystal_altar
D:8:      layout_rooms, erik_lair_dragon, serial_shops,
          nicolae_shop_industrial_runoff, uniq_maurice
D:9:      layout_basic, nicolae_dithmenos_the_darkroom
D:10:     layout_roguey, xom_teletrap_fun
Lair:1:   layout_regular_city, amcnicky_mini_pool_medium, lemuel_fruit_fields
Lair:2:   beast_lair_carwin_large_2, layout_chaotic_city,
          mainiacjoe_swamp_entry_lozenge_pond, nicolae_spider_entry_non_spiders,
          minivault_19, grunt_forest_stairs_basic,
          grunt_forest_large_clearing_hut
Swamp:1:  layout_basic_swamp, portal_ice_cave_entry_pillars_four,
          nicolae_swamp_tree_isthmus, swamp_pool_1_2,
          nicolae_swamp_bloodsuckers_inc, nicolae_swamp_decorative_isthmus,
          infiniplex_staircase_pool
IceCv:    ice_cave_small_dragons

Skill      XL: |  1  2  3  4  5  6  7  8  9 10 11 12 13 |
---------------+----------------------------------------+-----
Transmutations | 2 3 4 5 6 7 |  7.2
Spellcasting   | 5 6 7 8 9 |  9.7
Invocations    | 1 2 3 4 5 6 7 8 9 |  9.1
Fighting       | 1 2 3 5 6 8 |  8.3
Short Blades   | 1 2 3 5 6 8 |  8.3
Long Blades    | 1 2 3 5 6 8 |  8.3
Axes           | 1 2 3 5 6 8 |  8.3
Maces & Flails | 1 2 3 5 6 8 |  8.3
Polearms       | 1 2 3 5 6 8 |  8.3
Staves         | 1 2 3 5 6 8 |  8.3
Ranged Weapons | 1 2 3 4 6 7 9 10 11 | 11.1
Throwing       | 1 2 3 5 6 8 |  8.3
Armour         | 1 2 3 5 6 8 |  8.3
Shields        | 1 2 3 5 6 8 |  8.3
Unarmed Combat | 1 2 3 5 6 8 |  8.3
Evocations     | 1 2 3 5 6 8 |  8.3
Shapeshifting  | 1 2 3 4 5 6 7 |  7.5
Conjurations   | 1 2 3 4 5 6 |  6.9
Hexes          | 1 2 3 4 5 6 |  6.9
Summonings     | 1 2 3 4 5 6 |  6.9
Necromancy     | 1 2 3 4 5 6 |  6.9
Translocations | 1 2 3 4 5 6 |  6.9
Fire Magic     | 1 2 3 4 5 6 |  6.9
Ice Magic      | 1 2 3 4 5 6 |  6.9
Air Magic      | 1 2 3 4 5 6 |  6.9
Earth Magic    | 1 2 3 4 5 6 |  6.9
Dodging        | 5 6 7 8 9 |  9.5
Stealth        | 5 6 7 8 9 |  9.3
Poison Magic   | 6 7 8 |  8.9

Action                     |  1- 3 |  4- 6 |  7- 9 | 10-12 | 13-15 || total
---------------------------+-------+-------+-------+-------+-------++-------
  Melee: Club              |    16 |       |       |       |       ||    16
         Bite              |     1 |     7 |    22 |    29 |     5 ||    64
         Short sword       |     5 |    41 |    13 |       |       ||    59
         Dagger            |       |    42 |   125 |    83 |    17 ||   267
         War axe           |       |       |    17 |       |       ||    17
         Punch             |       |       |     2 |     3 |       ||     5
         Flail             |       |       |       |    35 |       ||    35
         Trident           |       |       |       |   102 |       ||   102
         Morningstar       |       |       |       |       |    19 ||    19
   Cast: Sting             |    78 |    52 |     6 |    31 |       ||   167
         Mephitic Cloud    |       |     3 |     2 |    22 |     8 ||    35
         Ignite Poison     |       |     5 |    23 |    51 |     9 ||    88
         Olgreb's Toxic Ra |       |     5 |    26 |    44 |     3 ||    78
         Confusing Touch   |       |       |     1 |       |       ||     1
 Invoke: Call Merchant     |       |       |       |       |     1 ||     1
  Evoke: Wand              |       |     2 |     3 |     4 |    11 ||    20
    Use: Potion            |     4 |     1 |     1 |     5 |     4 ||    15
         Scroll            |     1 |       |    14 |     4 |     5 ||    24
   Stab: Sleeping          |     2 |     5 |     8 |     1 |     1 ||    17
         Confused          |       |     2 |     3 |       |       ||     5
         Distracted        |       |       |       |     1 |     1 ||     2
 Armour: Robe              |    36 |    40 |   101 |   187 |    19 ||   383
  Dodge: Dodged            |    50 |    56 |    88 |   130 |     8 ||   332
  Block: Kite shield       |       |       |       |    78 |    12 ||    90

Table legend: (Time is in decaauts)
 A = Elapsed time spent in this place.
 B = Non-inter-level travel time spent in this place.
 C = Inter-level travel time spent in this place.
 D = Time resting spent in this place.
 E = Time spent auto-exploring this place.
 F = Levels seen in this place.
 G = Mean time per level.
                   A        B        C        D        E       F      G
               +--------+--------+--------+--------+--------+-----+--------+
         Total |  15298 |  14315 |    983 |   2097 |   9731 |  14 | 1092.7 |
       Dungeon |  12380 |  11444 |    936 |   1802 |   7865 |  10 | 1238.0 |
          Lair |   2750 |   2704 |     46 |    290 |   1866 |   2 | 1375.0 |
         Swamp |     91 |     91 |      0 |      0 |      0 |   1 |   91.0 |
      Ice Cave |     76 |     76 |      0 |      5 |      0 |   1 |   76.0 |
               +--------+--------+--------+--------+--------+-----+--------+

Top non-repeatable levels by time:
     D:8: 2210 daAuts
     D:5: 1659 daAuts
  Lair:2: 1385 daAuts
  Lair:1: 1364 daAuts
     D:9: 1287 daAuts
     D:4: 1214 daAuts
     D:2: 1206 daAuts
     D:7: 1142 daAuts
     D:3: 1038 daAuts
     D:1: 1021 daAuts
    D:10: 945 daAuts
     D:6: 653 daAuts
 Swamp:1: 91 daAuts
   IceCv: 76 daAuts
